 Dungeon Sprint DCSS version 0.31-a0-983-g7b6862f502 (webtiles) character file.

Game seed: 13214747448756070283

11729 rocky1 the Severer (level 11, -2/157 HPs)
             Began as an Armataur Fighter on Nov 3, 2023.
             Was a High Priest of Okawaru.
             Slain by a spriggan defender
             ... wielding a +5 flail of protection
              (16 damage)
             ... in the Dungeon (Sprint VII: "The Pits").
             The game lasted 00:07:37 (3663 turns).

rocky1 the Severer (Armataur Fighter)               Turns: 3663, Time: 00:07:38

Health: -2/157     AC: 25    Str: 28    XL:     11   Next: 53%
Magic:  19/19      EV:  7    Int:  8    God:    Okawaru [*****.]
Gold:   54         SH:  5    Dex: 11    Spells: 10/10 levels left

rFire   . . .        b - +1 broad axe (freeze)
rCold   . . .        c - +0 buckler
rNeg    . . .        u - +3 plate armour
rPois   .            t - +0 helmet
rElec   .            q - +0 cloak
rCorr   .            v - +0 pair of gloves
SInv    .            (no barding)
Will    .....        (no amulet) Stlth
                     r - +3 ring of strength
HPRegen 0.46/turn    s - +3 ring of protection
MPRegen 0.16/turn

%: no teleportation, roll
@: berserking, very quick
A: large, rugged brown scales 3, deformed body, armoured tail, roll, long
tongue, awkward tongue
a: Renounce Religion, Heroism, Finesse


You were in the Dungeon.
You worshipped Okawaru.
Okawaru was extremely pleased with you.
You visited 1 branch You collected 54 gold pieces.

Inventory:

Hand Weapons
 a - a +0 war axe
 b - a +1 broad axe of freezing (weapon)
Missiles
 p - 6 poisoned darts (quivered)
 w - 2 atropa-tipped darts
 x - 2 curare-tipped darts
 y - 3 silver javelins
 K - a throwing net
Armour
 c - a +0 buckler (worn)
 o - a +3 chain mail
 q - a +0 cloak (worn)
 t - a +0 helmet (worn)
 u - a +3 plate armour (worn)
 v - a +0 pair of gloves (worn)
Jewellery
 r - a +3 ring of strength (left hand)
 s - a +3 ring of protection (right hand)
 I - a +6 ring of dexterity
Talismans
 J - a granite talisman
Wands
 G - a wand of quicksilver (2)
 H - a wand of flame (12)
Scrolls
 j - 2 scrolls of blinking
 l - 2 scrolls of vulnerability
 m - 5 scrolls of amnesia
 n - a scroll of butterflies
 C - 4 scrolls of enchant armour
 D - 4 scrolls of fog
 E - a scroll of identify
 F - a scroll of fear
Potions
 d - 2 potions of might
 e - 8 potions of curing
 f - 9 potions of heal wounds
 g - a potion of haste
 h - 4 potions of magic
 i - 4 potions of berserk rage
 k - 2 potions of invisibility
 z - 2 potions of mutation
 A - 2 potions of brilliance
 B - 2 potions of resistance


   Skills:
 + Level 9.8 Fighting
 + Level 17.6 Axes
 + Level 13.9 Armour
 * Level 3.6 Dodging
 - Level 1.9 Stealth
 + Level 7.7 Shields
 - Level 11.1 Invocations


You had 10 spell levels left.
You didn't know any spells.
Your spell library contained the following spells:

 Spells                   Type           Power      Damage    Failure   Level
 Sublimation of Blood     Necr           0%         N/A       99%         2
 Petrify                  Tmut/Erth      0%         N/A       100%        4
 Irradiate                Conj/Tmut      0%         3d11      100%        5


Dungeon Overview and Level Annotations

Branches:
Dungeon (1/1)

Altars:
Ashenzari
Cheibriados
Dithmenos
Elyvilon
Fedhas
Gozag
Hepliaklqana
Kikubaaqudgha
Makhleb
Nemelex Xobeh
Okawaru
Qazlal
Ru
Sif Muna
Trog
Uskayaw
Vehumet
Wu Jian
Xom
Yredelemnul
Zin
The Shining One
Jiyva
Lugonu


Innate Abilities, Weirdness & Mutations

You are completely covered in rugged brown scales. (AC +3, +7% HP)
Armour fits poorly on your strangely shaped body.
You have a long armoured tail.
You roll when moving toward enemies. (Rampage)
Your long tongue fully drains potion bottles. (2x potion effects)
Your tongue gives you trouble enunciating. (1.5x scroll delay)


Message History

You completely miss the spriggan defender.
You completely miss the spriggan defender.
The spriggan defender hits you but does no damage.
You slice the spriggan defender!! You freeze the spriggan defender.
Your tail-slap misses the spriggan defender.
The spriggan defender is heavily wounded.
The spriggan defender hits you with a +5 flail of protection!
* * * LOW HITPOINT WARNING * * *
The spriggan defender blocks your attack.
Your tail-slap misses the spriggan defender.
The spriggan defender is heavily wounded.
The spriggan defender hits you with a +5 flail of protection!
* * * LOW HITPOINT WARNING * * *
The spriggan defender blocks your attack.
The spriggan defender is moderately wounded.
The spriggan defender completely misses you.
You closely miss the spriggan defender.
Your tail-slap misses the spriggan defender.
The spriggan defender is moderately wounded.
You miss the spriggan defender.
The spriggan defender is moderately wounded.
The spriggan defender barely misses you.
You slash the spriggan defender! You freeze the spriggan defender.
The spriggan defender is heavily wounded.
The spriggan defender hits you but does no damage.
The spriggan defender blocks your attack.
The spriggan defender is heavily wounded.
You block the spriggan defender's attack.
The spriggan defender blocks your attack.
Your tail-slap misses the spriggan defender.
The spriggan defender is heavily wounded.
You miss the spriggan defender.
Your tail-slap misses the spriggan defender.
The spriggan defender is heavily wounded.
You block the spriggan defender's attack.
You slice the spriggan defender!! You freeze the spriggan defender.
Your tail-slap misses the spriggan defender.
The spriggan defender is almost dead.
The spriggan defender hits you with a +5 flail of protection!
You die...

#++###########
#......)......
#.....@i......
#..###########
#..# #..# ##
#..# .# #..#
.# #..# .#
#..#
.##########.†#


You could see a spriggan defender.

Vanquished Creatures
  A two-headed ogre (D)
  A sea snake (D)
  2 lindwurms (D)
  A swamp dragon (D)
  A rust devil (D)
  2 black mambas (D)
  An elephant (D)
  A molten gargoyle (D)
  An orange demon (D)
  A smoke demon (D)
  A gargoyle (D)
  An unseen horror (D)
  2 cane toads (D)
  2 kobold demonologists (D)
  A freezing wraith (D)
  A yaktaur (D)
  A komodo dragon (D)
  A guardian mummy (D)
  2 merfolk (D)
  7 dream sheep (D)
  A glass eye (D)
  A ynoxinul (D)
  A flying skull (D)
  A spriggan (D)
  5 yaks (D)
  4 vampire mosquitoes (D)
  An orc warrior (D)
  A phantom (D)
  4 kobold brigands (D)
  A small abomination (D)
  2 necrophages (D)
  A crimson imp (D)
  3 quasits (D)
  A hound (D)
  Crazy Yiuf (D)
  An iron imp (D)
  A hell rat (D)
  2 gnolls (D)
  2 river rats (D)
  An adder zombie (D)
  3 orcs (D)
  An endoplasm (D)
  A giant cockroach (D)
  4 goblins (D)
  A hobgoblin (D)
  7 jackals (D)
  A quokka (D)
  A ball python (D)
  A ball python skeleton (D)
  A giant cockroach zombie (D)
  3 kobolds (D)
  2 rats (D)
92 creatures vanquished.

Notes
Turn   | Place    | Note
-------+----------+-------------------------------------------
     0 | D        | rocky1 the Armataur Fighter began the quest for the Orb.
     0 | D        | Reached XP level 1. HP: 19/19 MP: 1/1
    39 | D        | Found a bloodstained altar of Trog.
    39 | D        | Found a shimmering blue altar of Sif Muna.
    39 | D        | Found a viscous altar of Jiyva.
    39 | D        | Found a hazy altar of Hepliaklqana.
    39 | D        | Found an opulent altar of Gozag.
    40 | D        | Found a glowing golden altar of the Shining One.
    40 | D        | Found a glowing silver altar of Zin.
    40 | D        | Found a basalt altar of Yredelemnul.
    40 | D        | Found a shimmering altar of Xom.
    40 | D        | Found an ornate altar of the Wu Jian Council.
    40 | D        | Found a sacrificial altar of Ru.
    40 | D        | Found a stormy altar of Qazlal.
    40 | D        | Found an iron altar of Okawaru.
    40 | D        | Found a sparkling altar of Nemelex Xobeh.
    40 | D        | Found a burning altar of Makhleb.
    40 | D        | Found a blossoming altar of Fedhas.
    40 | D        | Found a white marble altar of Elyvilon.
    40 | D        | Found a shadowy altar of Dithmenos.
    40 | D        | Found a snail-covered altar of Cheibriados.
    43 | D        | Found a corrupted altar of Lugonu.
    43 | D        | Found a radiant altar of Vehumet.
    44 | D        | Found an ancient bone altar of Kikubaaqudgha.
    44 | D        | Found a hide-covered altar of Uskayaw.
    44 | D        | Found a broken altar of Ashenzari.
    48 | D        | Became a worshipper of Warmaster Okawaru
    64 | D        | Reached skill level 2 in Axes
    72 | D        | Reached XP level 2. HP: 27/27 MP: 2/2
    79 | D        | Reached skill level 1 in Invocations
    86 | D        | Reached skill level 3 in Axes
   107 | D        | Noticed a phantom
   115 | D        | Killed a phantom
   115 | D        | Reached * piety under Okawaru
   116 | D        | Reached skill level 4 in Axes
   116 | D        | Reached skill level 5 in Armour
   116 | D        | Reached XP level 3. HP: 20/35 MP: 3/5
   116 | D        | Reached XP level 4. HP: 24/42 MP: 3/6
   283 | D        | Reached skill level 5 in Axes
   454 | D        | Noticed a necrophage
   455 | D        | Noticed a kobold brigand
   455 | D        | Noticed a kobold brigand
   461 | D        | Reached skill level 5 in Shields
   461 | D        | Reached XP level 5. HP: 38/50 MP: 7/7
   465 | D        | Reached skill level 6 in Axes
   471 | D        | Reached ** piety under Okawaru
   472 | D        | Reached skill level 7 in Axes
   472 | D        | Reached skill level 1 in Dodging
   472 | D        | Reached XP level 6. HP: 48/58 MP: 7/9
   473 | D        | Reached skill level 5 in Fighting
   473 | D        | Reached skill level 8 in Axes
   837 | D        | Reached skill level 5 in Invocations
   863 | D        | Noticed a dream sheep
   868 | D        | Killed a dream sheep
   869 | D        | Reached skill level 9 in Axes
   869 | D        | Reached XP level 7. HP: 60/65 MP: 9/11
   888 | D        | Noticed Crazy Yiuf
   896 | D        | Killed Crazy Yiuf
   910 | D        | Reached skill level 10 in Axes
  1148 | D        | Noticed a merfolk
  1148 | D        | Noticed a glass eye
  1161 | D        | Killed a glass eye
  1169 | D        | Killed a merfolk
  1169 | D        | Reached *** piety under Okawaru
  1170 | D        | Reached skill level 11 in Axes
  1170 | D        | Reached XP level 8. HP: 60/74 MP: 12/12
  1387 | D        | Noticed a komodo dragon
  1387 | D        | Noticed a cane toad
  1396 | D        | Killed a cane toad
  1398 | D        | Killed a komodo dragon
  1399 | D        | Reached skill level 12 in Axes
  1680 | D        | Noticed a two-headed ogre
  1680 | D        | Noticed a flying skull
  1688 | D        | Reached **** piety under Okawaru
  1697 | D        | Reached XP level 9. HP: 56/83 MP: 14/14
  1704 | D        | Killed a two-headed ogre
  1705 | D        | Reached skill level 13 in Axes
  1705 | D        | Reached skill level 10 in Armour
  1707 | D        | Reached ***** piety under Okawaru
  1915 | D        | Noticed a lindwurm
  1915 | D        | Noticed an elephant
  1922 | D        | Killed a lindwurm
  1922 | D        | Received a gift from Okawaru
  1923 | D        | Reached skill level 14 in Axes
  1932 | D        | Reached XP level 10. HP: 68/94 MP: 14/16
  1938 | D        | Killed an elephant
  1939 | D        | Reached skill level 1 in Stealth
  2133 | D        | Reached skill level 15 in Axes
  2136 | D        | Noticed a black mamba
  2151 | D        | Killed a black mamba
  2151 | D        | Received a gift from Okawaru
  2171 | D        | Reached skill level 10 in Invocations
  2174 | D        | Reached skill level 16 in Axes
  2322 | D        | Noticed a molten gargoyle
  2330 | D        | Killed a molten gargoyle
  2525 | D        | Noticed a gargoyle
  2536 | D        | Killed a gargoyle
  2537 | D        | Reached XP level 11. HP: 73/101 MP: 18/18
  2862 | D        | Noticed a sea snake
  2874 | D        | Reached skill level 17 in Axes
  2879 | D        | Killed a sea snake
  2885 | D        | Received a gift from Okawaru
  3233 | D        | Noticed a swamp dragon
  3242 | D        | Killed a swamp dragon
  3486 | D        | Noticed a lindwurm
  3489 | D        | Killed a lindwurm
  3641 | D        | Noticed a spriggan defender
  3663 | D        | Slain by a spriggan defender

Illustrated notes

Levels and vault maps discovered:
D:        pitsprint [storerooms_1, entrance_room_1, metal_vault_3, armoury_2,
          mini_pit_1, grid_room_1, main_hall_1, silver_pit, the_coven_2,
          the_vestibule_1, steel_vault_2, golden_pit, hallway_of_sentries,
          crystal_vault_3, iron_vault_4, final_vault]

Skill      XL: |  1  2  3  4  5  6  7  8  9 10 11 |
---------------+----------------------------------+-----
Fighting       | 3 4 5 6 7 8 9 |  9.8
Armour         | 4 5 6 7 8 9 11 12 13 | 13.9
Axes           | 2 4 5 7 9 11 12 14 16 17 | 17.6
Invocations    | 2 3 4 5 6 7 9 10 11 | 11.1
Shields        | 4 5 6 7 |  7.7
Dodging        | 1 2 3 |  3.6
Stealth        | 1 |  1.9

Action                     |  1- 3 |  4- 6 |  7- 9 | 10-12 || total
---------------------------+-------+-------+-------+-------++-------
  Melee: War axe           |    28 |    46 |    40 |       ||   114
         Tailslap          |     1 |     4 |     7 |    22 ||    34
         Broad axe         |       |       |    63 |   171 ||   234
 Invoke: Heroism           |       |       |     1 |     2 ||     3
         Finesse           |       |       |       |     1 ||     1
    Use: Potion            |       |     1 |     3 |     5 ||     9
   Stab: Distracted        |       |       |       |     1 ||     1
 Armour: Scale mail        |    23 |     6 |       |       ||    29
         Chain mail        |       |    46 |    32 |       ||    78
         Plate armour      |       |       |    55 |   153 ||   208
  Dodge: Dodged            |     9 |    13 |    21 |    37 ||    80
  Block: Buckler           |     2 |     9 |    20 |    36 ||    67

Table legend: (Time is in decaauts)
 A = Elapsed time spent in this place.
 B = Non-inter-level travel time spent in this place.
 C = Inter-level travel time spent in this place.
 D = Time resting spent in this place.
 E = Time spent auto-exploring this place.
 F = Levels seen in this place.
 G = Mean time per level.
                   A        B        C        D        E       F      G
               +--------+--------+--------+--------+--------+-----+--------+
         Total |   3633 |   3566 |     67 |   2658 |      0 |   1 | 3633.0 |
       Dungeon |   3633 |   3566 |     67 |   2658 |      0 |   1 | 3633.0 |
               +--------+--------+--------+--------+--------+-----+--------+

Top non-repeatable levels by time:
       D: 3633 daAuts
